 Dungeon Crawl Stone Soup version 0.31-a0-188-g5e087ee2ca (webtiles) character file.

Game seed: 1298437737594652975

927 qw the Skirmisher (level 7, -2/40 HPs)
             Began as a Deep Elf Hunter on June 22, 2023.
             Slain by a gnoll
             ... wielding a +0 whip
             ... led by a gnoll sergeant
              (5 damage)
             ... on level 6 of the Dungeon.
             The game lasted 00:01:18 (3865 turns).

qw the Skirmisher (Deep Elf Hunter)                 Turns: 3865, Time: 00:01:19

Health: -2/40      AC:  8    Str: 10    XL:     7   Next: 85%
Magic:  9/9        EV: 11    Int: 14    God:
Gold:   261        SH:  0    Dex: 16    Spells: 6/6 levels left

rFire   + . .        p - +2 shortbow (heavy)
rCold   . . .        (shield currently unavailable)
rNeg    . . .        e - +0 ring mail
rPois   .            (no helmet)
rElec   .            (no cloak)
rCorr   .            q - +2 pair of gloves
SInv    .            (no boots)
Will    +....        t - amulet of faith
Stlth   +            d - +4 ring of slaying {mikee}
HPRegen 0.26/turn    (no ring)
MPRegen 0.11/turn

%: faith
@: no status effects
A: clumsy 1, fire resistance 1, strong-willed 1
a: no special abilities


You were on level 6 of the Dungeon.
You visited 1 branch of the dungeon, and saw 6 of its levels.

You collected 281 gold pieces.
You spent 20 gold pieces at shops.


Innate Abilities, Weirdness & Mutations

You are clumsy. (Dex -2)
Your flesh is heat resistant. (rF+)
You are strong-willed. (Will+)


   Skills:
 + Level 2.5 Fighting
 - Level 12.0 Ranged Weapons
 - Level 1.2 Armour
 - Level 3.0 Dodging
 - Level 1.2 Stealth


You had 6 spell levels left.
You didn't know any spells.
Your spell library was empty.

Inventory:

Hand Weapons
 p - a +2 heavy shortbow (weapon)
Armour
 e - a +0 ring mail (worn)
 q - a +2 pair of gloves (worn)
Jewellery
 d - a +4 ring of slaying (left hand) {mikee}
 s - an amulet of reflection
 t - an amulet of faith (around neck)
Scrolls
 i - 3 scrolls of teleportation
 o - a scroll of identify
Potions
 a - a potion of heal wounds
 b - a potion of attraction {unknown}
 c - a potion of degeneration {unknown}
 f - a potion of curing
 g - a potion of enlightenment
 h - a potion of lignification {unknown}
 j - a potion of ambrosia {unknown}
 k - a potion of might
 l - a potion of mutation
 m - a potion of cancellation {unknown}

Dungeon Overview and Level Annotations

Branches:
Dungeon (6/15)
 Temple: D:4-7

Altars:
Cheibriados
Makhleb
Vehumet

Shops:
D:1 *


Message History

You hear a shout! x2
A gnoll sergeant comes into view. It is wielding a +0 trident.
You hear a shout!
3852 ||| Stepping ~*~*~tactically~*~*~ (outnumbered).
You see here 10 gold pieces.
3854 ||| Stepping ~*~*~tactically~*~*~ (outnumbered).
You see here 10 gold pieces.
3856 ||| Stepping ~*~*~tactically~*~*~ (outnumbered).
You shoot an arrow. The arrow closely misses the gnoll.
You shoot an arrow. The arrow hits the gnoll!
You kill the gnoll!
The gnoll sergeant barely misses you.
You shoot an arrow.
The arrow hits the gnoll sergeant but does no damage.
You hear a shout!
The gnoll sergeant hits you from afar with a +0 trident!
You shoot an arrow. The arrow hits the gnoll sergeant.
The gnoll sergeant is lightly wounded.
The gnoll sergeant barely misses you.
You shoot an arrow.
The arrow completely misses the gnoll sergeant.
The gnoll sergeant closely misses you. x2
You shoot an arrow. The arrow hits the gnoll sergeant!
The gnoll sergeant is heavily wounded.
The gnoll sergeant barely misses you.
A gnoll comes into view. It is wielding a +0 whip.
You shoot an arrow. The arrow hits the gnoll.
The gnoll is heavily wounded.
You hear an angry growl.
The gnoll sergeant hits you from afar with a +0 trident!
The gnoll hits you with a +0 whip.
You shoot an arrow. The arrow hits the gnoll!!
You kill the gnoll!
The gnoll sergeant hits you from afar with a +0 trident.
The gnoll hits you with a +0 whip.
The gnoll sergeant hits you from afar with a +0 trident.
You shoot an arrow. The arrow closely misses the gnoll.
The gnoll sergeant hits you from afar with a +0 trident!
The gnoll hits you with a +0 whip.
You die...

...... ...
#..#.# .(#
#.#..#.# ..# #
#.#..#.# g.#
#.#.#..#.## .g#
#.#.#..... ..#
#.......####g.#
#.#.....@g..#
#.#.....###.#
#.....#.# ..
#<#...#.# ##
#.#.###.# #.#..
..# #.#######
#.. ###


You could see a gnoll sergeant and a gnoll.

Vanquished Creatures
  A black bear (D:4)
  An ice beast (D:5)
  4 scorpions
  A crimson imp (D:4)
  5 hounds
  A jelly (D:4)
  An orc priest (D:5)
  An iguana (D:5)
  A sleepcap (D:5)
  10 gnolls
  5 adders
  An ufetubus (D:5)
  A dart slug (D:4)
  A worm (D:1)
  5 orcs (D:5)
  6 ball pythons
  3 bats
  2 endoplasms (D:1)
  7 giant cockroaches
  6 goblins
  6 hobgoblins
  2 kobolds
  4 quokkas
  5 frilled lizards
  A rat (D:1)
81 creatures vanquished.

Notes
Turn   | Place    | Note
-------+----------+-------------------------------------------
     0 | D:1      | qw the Deep Elf Hunter began the quest for the Orb.
     0 | D:1      | Reached XP level 1. HP: 12/12 MP: 3/3
     0 | D:1      | 0 ||| qw: Version: 0.3-a-9-g12657ce
     0 | D:1      | 0 ||| qw: Game counter: 3054
     0 | D:1      | 0 ||| qw: Always use a shield: true
     0 | D:1      | 0 ||| qw: God list: Okawaru
     0 | D:1      | 0 ||| qw: Allow faded altars: false
     0 | D:1      | 0 ||| qw: Do Orc after D:15 true
     0 | D:1      | 0 ||| qw: Do second Lair branch before Depths: true
     0 | D:1      | 0 ||| qw: Lair rune preference: random
     0 | D:1      | 0 ||| qw: Plans: Normal
     0 | D:1      | 0 ||| PLANNING D:1-11
    40 | D:1      | You fall into a shaft and drop 1 floor!
    53 | D:2      | 53 ||| READING scroll labelled CUUPSO IMMELO KAS.
    54 | D:2      | 54 ||| DROPPING scroll of butterflies.
   241 | D:1      | Reached skill level 6 in Ranged Weapons
   241 | D:1      | Reached XP level 2. HP: 16/16 MP: 4/4
   264 | D:1      | Found Boloschue's Assorted Antiques.
   267 | D:1      | 267 ||| BUYING inky potion (20 gold).
   267 | D:1      | Bought an inky potion for 20 gold pieces
   267 | D:1      | 267 ||| SHOPLISTING shiny ring mail (161 gold, have 17).
   556 | D:1      | 556 ||| DROPPING ring of wizardry.
   557 | D:1      | 557 ||| READING scroll labelled SATICLE UNNIAPNO.
   558 | D:1      | 558 ||| READING scroll labelled XEKAOPPAFAV.
   559 | D:1      | 559 ||| DRINKING 2 glowing silvery potions.
   580 | D:2      | 580 ||| STAIRDANCE
   582 | D:1      | HP: 1/16 [frozen (4)]
   584 | D:1      | Reached XP level 3. HP: 2/20 MP: 5/5
   667 | D:2      | Identified the +9 dagger of Jukhlaynt {distort, rN+ Str+3
                  | Int+2 SInv}
   675 | D:2      | Found a faded altar of an unknown god.
   822 | D:2      | Found a snail-covered altar of Cheibriados.
   880 | D:2      | Reached skill level 7 in Ranged Weapons
   880 | D:2      | 880 ||| FLEEEEING.
   881 | D:2      | 881 ||| FLEEEEING.
   882 | D:2      | 882 ||| FLEEEEING.
   883 | D:2      | 883 ||| FLEEEEING.
   884 | D:2      | 884 ||| FLEEEEING.
   885 | D:2      | 885 ||| FLEEEEING.
   886 | D:2      | 886 ||| FLEEEEING.
   887 | D:2      | 887 ||| FLEEEEING.
   888 | D:2      | 888 ||| FLEEEEING.
  1230 | D:2      | 1230 ||| UPGRADING to +0 scale mail.
  1240 | D:2      | 1240 ||| DROPPING +0 leather armour.
  1241 | D:2      | 1241 ||| UPGRADING to +0 ring mail.
  1251 | D:2      | 1251 ||| DROPPING +0 scale mail.
  1252 | D:2      | 1252 ||| READING 2 scrolls labelled WEDEET UBUO.
  1257 | D:2      | 1257 ||| READING 2 scrolls labelled QAPIDA VODOGO.
  1258 | D:2      | 1258 ||| DROPPING scroll of vulnerability.
  1671 | D:3      | 1671 ||| Stepping ~*~*~tactically~*~*~ (water).
  1673 | D:3      | 1673 ||| Stepping ~*~*~tactically~*~*~ (water).
  1718 | D:3      | 1718 ||| DROPPING amulet of magic regeneration.
  1719 | D:3      | 1719 ||| UPGRADING to +4 ring of slaying {mikee}.
  1720 | D:3      | 1720 ||| READING scroll labelled UMOSEIHODI.
  1861 | D:4      | Reached XP level 4. HP: 25/25 MP: 6/6
  1872 | D:4      | Noticed a scorpion
  1876 | D:4      | Killed a scorpion
  1877 | D:4      | Reached skill level 8 in Ranged Weapons
  1877 | D:4      | Reached XP level 5. HP: 24/29 MP: 7/7
  1878 | D:4      | 1878 ||| FLEEEEING.
  1879 | D:4      | 1879 ||| FLEEEEING.
  1881 | D:4      | 1881 ||| FLEEEEING.
  1882 | D:4      | 1882 ||| FLEEEEING.
  1883 | D:4      | 1883 ||| FLEEEEING.
  1884 | D:4      | 1884 ||| FLEEEEING.
  1885 | D:4      | 1885 ||| FLEEEEING.
  1886 | D:4      | 1886 ||| FLEEEEING.
  1927 | D:4      | 1927 ||| FLEEEEING.
  2032 | D:4      | Reached skill level 9 in Ranged Weapons
  2115 | D:4      | 2115 ||| READING scroll labelled FUTHUONUMU.
  2120 | D:4      | 2120 ||| STAIRDANCE
  2139 | D:3      | Identified the +0 chain mail "Ceptoady" {Drain Dex+4
                  | Slay+6}
  2560 | D:4      | Noticed a black bear
  2568 | D:4      | Killed a black bear
  2569 | D:4      | Reached XP level 6. HP: 19/35 MP: 8/8
  2771 | D:4      | Reached skill level 10 in Ranged Weapons
  2876 | D:4      | Found a burning altar of Makhleb.
  2877 | D:4      | Found a radiant altar of Vehumet.
  2880 | D:4      | Reached skill level 3 in Dodging
  2962 | D:4      | 2962 ||| UPGRADING to +0 pair of gloves.
  2967 | D:4      | 2967 ||| UPGRADING to amulet of reflection.
  2972 | D:4      | 2972 ||| READING 2 scrolls labelled JEDIDOU SUHE.
  2973 | D:4      | 2973 ||| READING scroll labelled CORHAFROBE.
  2973 | D:4      | Identified a scroll of acquirement
  2973 | D:4      | 2973 ||| ACQUIRING +2 heavy shortbow
  2973 | D:4      | Acquired a +2 heavy shortbow
  2975 | D:4      | 2975 ||| SWAPPING to +2 heavy shortbow.
  2976 | D:4      | 2976 ||| DROPPING +0 shortbow.
  2977 | D:4      | 2977 ||| READING scroll labelled XITODI UNUH.
  2978 | D:4      | 2978 ||| DRINKING 2 glowing puce potions.
  2990 | D:5      | Entered Level 5 of the Dungeon
  3017 | D:5      | Reached skill level 1 in Armour
  3055 | D:5      | Reached XP level 7. HP: 40/40 MP: 9/9
  3094 | D:5      | Reached skill level 11 in Ranged Weapons
  3153 | D:5      | 3153 ||| Stepping ~*~*~tactically~*~*~ (outnumbered).
  3411 | D:5      | Reached skill level 12 in Ranged Weapons
  3777 | D:5      | 3777 ||| UPGRADING to +2 pair of gloves.
  3787 | D:5      | 3787 ||| DROPPING +0 pair of gloves.
  3788 | D:5      | 3788 ||| UPGRADING to amulet of faith.
  3798 | D:5      | 3798 ||| DRINKING 2 inky potions.
  3799 | D:5      | 3799 ||| DRINKING 2 pink potions.
  3799 | D:5      | Gained mutation: You are clumsy. (Dex -2) [potion of
                  | mutation]
  3799 | D:5      | Gained mutation: Your flesh is heat resistant. (rF+)
                  | [potion of mutation]
  3799 | D:5      | Gained mutation: You are strong-willed. (Will+) [potion of
                  | mutation]
  3800 | D:5      | 3800 ||| DRINKING 2 amethyst potions.
  3801 | D:5      | 3801 ||| READING 2 scrolls of identify.
  3801 | D:5      | 3801 ||| IDENTIFYING murky silvery potion
  3802 | D:5      | 3802 ||| DROPPING potion of invisibility.
  3852 | D:6      | 3852 ||| Stepping ~*~*~tactically~*~*~ (outnumbered).
  3854 | D:6      | 3854 ||| Stepping ~*~*~tactically~*~*~ (outnumbered).
  3856 | D:6      | 3856 ||| Stepping ~*~*~tactically~*~*~ (outnumbered).
  3865 | D:6      | HP: 3/40 [gnoll sergeant/+0 trident (8)]
  3865 | D:6      | Slain by a gnoll

Levels and vault maps discovered:
D:1:      dpeg_arrival_short_road, layout_loops_ring, serial_shops,
          nicolae_shop_trees
D:2:      layout_basic, shapermc_ecumenical_altar_totnotflames, basic_altar,
          wad_floor_pattern_untrapped
D:3:      wad_lake_hut, layout_loops_cross
D:4:      minmay_general_purpose_star, layout_basic,
          grunt_temple_overflow_lords_of_destruction,
          minmay_misc_feat_more_columns, dreamdust_gnoll_farm
D:5:      layout_gridville
D:6:      layout_basic, temple_hall

Skill      XL: |  1  2  3  4  5  6  7 |
---------------+----------------------+-----
Ranged Weapons | 6 7 8 9 10 12 | 12.0
Fighting       | 2 |  2.5
Dodging        | 3 |  3.0
Armour         | 1 |  1.2
Stealth        | |  1.2

Action                     |  1- 3 |  4- 6 |  7- 9 || total
---------------------------+-------+-------+-------++-------
   Fire: Shortbow          |    80 |    76 |    45 ||   201
    Use: Scroll            |     6 |     4 |     1 ||    11
         Potion            |     1 |     1 |     3 ||     5
 Armour: Leather armour    |     5 |       |       ||     5
         Ring mail         |     1 |    12 |     8 ||    21
  Dodge: Dodged            |    18 |    19 |    11 ||    48
  Block: Other             |       |       |     1 ||     1

Table legend:
 A = Non-vault XP
 B = Vault XP
 C = Vault XP percentage of total XP
 D = Non-vault monster count
 E = Vault monster count
 F = Vault count percentage of total count
                 A         B        C        D         E       F
            +---------+---------+-------+---------+---------+-------
      Total |    1054 |     271 |  20.5 |      74 |       7 |   8.6
            +---------+---------+-------+---------+---------+-------
        D:1 |      31 |       0 |   0.0 |      15 |       0 |   0.0
        D:2 |      50 |       0 |   0.0 |      10 |       0 |   0.0
        D:3 |      12 |       0 |   0.0 |       8 |       0 |   0.0
        D:4 |     273 |     271 |  49.8 |      18 |       7 |  28.0
        D:5 |     660 |       0 |   0.0 |      21 |       0 |   0.0
        D:6 |      28 |       0 |   0.0 |       2 |       0 |   0.0
            +---------+---------+-------+---------+---------+-------
